AoeStats
← VLC | DafeKhan

Arabia

508540714Analyzed
1v1 RM · 10d ago on Sep 22, 2026· 49m 27s· 2 players
Game mode
Random Map
Map size
Tiny (2 player)
Population
200
Speed
Normal
Resources
Standard
Victory
Conquest
Starting age
Dark Age
Ending age
Imperial Age
RankedLock teamsTeams togetherTeam positionsShared explorationLock speedFull tech treeHidden civsTurbo modeCheats
Victory
Defeat
🇨🇴 Bengalis · Colombia
1580
+18
🇨🇷 Byzantines · Costa Rica
1622
-18
VLC | DafeKhan
5:51 Loom
8:51 Feudal Age
9:19 Double-Bit Axe
10:34 Town Watch
20:58 Castle Age
19:06 Scale Barding Armor
21:12 Wheelbarrow
20:51 Bloodlines
20:24 Horse Collar
20:57 Bloodlines
22:06 Bow Saw
28:37 Pikeman
29:18 Scale Mail Armor
30:16 Hand Cart
32:23 Fletching
32:59 Bodkin Arrow
37:45 Imperial Age
36:06 Heavy Plow
36:48 Chain Barding Armor
35:50 Light Cavalry
36:30 Husbandry
37:45 Chain Mail Armor
37:40 Forging
37:33 Padded Archer Armor
38:05 Ballistics
38:34 Leather Archer Armor
37:53 Elite Ratha (Ranged)
38:35 Bracer
39:37 Chemistry
39:00 Conscription
39:29 Plate Barding Armor
40:17 Ring Archer Armor
40:05 Forging
39:59 Elite Battle Elephant
42:49 Masonry
45:08 Iron Casting
47:26 Paiks
47:57 Mahayana
49:22 Fervor
49:33 Sanctity
CR | Domador de Puercas
5:41 Loom
8:46 Feudal Age
9:35 Double-Bit Axe
11:26 Wheelbarrow
20:46 Castle Age
18:32 Horse Collar
19:12 Gold Mining
19:27 Fletching
23:12 Bodkin Arrow
23:31 Bow Saw
27:23 Scale Barding Armor
28:46 Husbandry
28:53 Man-at-Arms
30:05 Pikeman
31:31 Scale Mail Armor
34:24 Imperial Age
32:15 Hand Cart
32:03 Gambesons
32:46 Elite Skirmisher
33:36 Man-at-Arms
36:12 Chemistry
35:12 Bodkin Arrow
36:27 Bracer
36:50 Ballistics
38:20 Padded Archer Armor
39:14 Halberdier
40:48 Man-at-Arms
42:05 Chain Mail Armor
42:42 Forging
42:45 Thumb Ring
43:11 Leather Archer Armor
43:39 Squires
45:13 Plate Mail Armor
45:14 Ring Archer Armor
46:27 Iron Casting
46:40 Murder Holes
48:30 Conscription
Connection lost

Rejoining the realm…

Still unreachable

The connection could not be restored.

Session expired

The server has moved on; the page needs a fresh start.